 Dungeon Crawl Stone Soup version 0.31-a0-236-g9a0961fb85 (webtiles) character file.

Game seed: 7954386563130489291

121 qw the Shooter (level 5, -5/30 HPs)
             Began as a Gargoyle Hexslinger on July 10, 2023.
             Killed from afar by Ijyb (10 damage)
             ... with a puff of flame
             ... on level 3 of the Dungeon.
             The game lasted 00:00:52 (2219 turns).

qw the Shooter (Gargoyle Hexslinger)                Turns: 2219, Time: 00:00:53

Health: -5/30      AC:  7    Str: 11    XL:     5   Next: 5%
Magic:  6/6        EV: 11    Int: 14    God:
Gold:   161        SH:  0    Dex: 14    Spells: 5/6 levels left

rFire   . . .        Y - +1 sling
rCold   . . .        (no shield)
rNeg    + . .        e - +0 leather armour
rPois   inf          (no helmet)
rElec   +            (no cloak)
rCorr   .            (no gloves)
SInv    .            (no boots)
Will    .....        (no amulet)
Stlth   +            (no ring)
HPRegen 0.25/turn    (no ring)
MPRegen 0.10/turn

%: no passive effects
@: about to teleport
A: sickness immunity, AC +4, negative energy resistance 1, electricity
resistance, torment resistance 1, petrification resistance
a: no special abilities


You were on level 3 of the Dungeon.
You visited 1 branch of the dungeon, and saw 3 of its levels.

You collected 161 gold pieces.


Innate Abilities, Weirdness & Mutations

You are immune to sickness and miasma.
Your stone body is resilient. (AC +4)
You are immune to poison.
You resist negative energy. (rN+)
You are resistant to electric shocks. (rElec)
You are resistant to unholy torment.
You are immune to petrification.


   Skills:
 - Level 2.0 Fighting
 + Level 4.8 Ranged Weapons
 - Level 1.5 Dodging
 - Level 1.0 Spellcasting
 - Level 2.6 Hexes


You had 5 spell levels left.
You knew the following spells:

 Your Spells              Type           Power      Damage    Failure   Level
a - Slow                  Hex            32%        N/A       12%         1

Your spell library contained the following spells:

 Spells                   Type           Power      Damage    Failure   Level
 Inner Flame              Hex/Fire       4%         N/A       52%         3
 Portal Projectile        Hex/Tloc       8%         N/A       52%         3
 Cause Fear               Hex            4%         N/A       75%         4

Inventory:

Hand Weapons
 Y - a +1 sling (weapon)
Armour
 e - a +0 leather armour (worn)
Scrolls
 a - 3 scrolls of identify
 f - a scroll of noise {unknown}
 j - a scroll of revelation {unknown}
Potions
 b - a potion of brilliance {unknown}
 c - a potion of cancellation
 d - a potion of curing {unknown}
 h - a potion of heal wounds {unknown}
 i - a potion of enlightenment {unknown}

Dungeon Overview and Level Annotations

Branches:
Dungeon (3/15)

Altars:
Sif Muna
Xom

Annotations:
D:3 Ijyb


Message History

The sling bullet hits Ijyb but does no damage.
Ijyb is lightly wounded.
The goblin hits you with a +0 club. Ijyb hits you but does no damage.
Ijyb hits you with a +0 club. The goblin hits you with a +0 club.
You shoot a sling bullet.
The sling bullet completely misses Ijyb.
The goblin hits you but does no damage. Ijyb hits you but does no damage.
You shoot a sling bullet. The sling bullet closely misses Ijyb.
The goblin hits you but does no damage. Ijyb barely misses you.
You shoot a sling bullet. The sling bullet hits Ijyb.
Ijyb is moderately wounded.
The goblin barely misses you.
Ijyb zaps a wand.
The puff of flame hits you!
You shoot a sling bullet.
The sling bullet hits Ijyb but does no damage.
Ijyb is moderately wounded.
The goblin barely misses you. Ijyb hits you but does no damage.
Ijyb hits you with a +0 club. The goblin hits you but does no damage.
You shoot a sling bullet. The sling bullet hits Ijyb.
Ijyb is heavily wounded.
The goblin misses you. Ijyb barely misses you.
You shoot a sling bullet.
The sling bullet hits Ijyb but does no damage.
Ijyb is heavily wounded.
The goblin misses you. Ijyb hits you with a +0 club.
You shoot a sling bullet.
The sling bullet hits Ijyb but does no damage.
Ijyb is heavily wounded.
The goblin misses you. Ijyb hits you with a +0 club.
2217 ||| READING scroll of teleportation.
As you read the scroll of teleportation, it crumbles to dust.
You feel strangely unstable. The goblin closely misses you.
Ijyb hits you but does no damage.
You shoot a sling bullet.
The sling bullet hits Ijyb but does no damage.
Ijyb is heavily wounded.
The goblin hits you but does no damage. Ijyb hits you but does no damage.
You shoot a sling bullet. The sling bullet closely misses Ijyb.
The goblin hits you but does no damage.
Ijyb zaps a wand.
The puff of flame hits you!
You die...

##.# #.# ### .. #.# #..
.# #####.# #.# .######
#...#.# #.# .......
##...#.# #.# ....¤..
.......# #.# .~.8¤¤.
.......#####.####g¤..¤~.
................@.¤¤.~¤¤
##...........####g~¤.¤¤¤
#...######### .~~¤~~.
##### .¤¤_~~. .~~~¤~.
¤¤~~~.. ....... ####...


You could see Ijyb and a goblin.

Vanquished Creatures
  5 adders
  4 worms
  A dart slug (D:2)
  3 orcs (D:3)
  10 ball pythons
  4 bats
  7 endoplasms
  A giant cockroach (D:1)
  2 hobgoblins
  3 jackals (D:1)
  3 kobolds
  3 quokkas
  2 frilled lizards (D:1)
  5 goblins
  3 rats (D:1)
56 creatures vanquished.

Notes
Turn   | Place    | Note
-------+----------+-------------------------------------------
     0 | D:1      | qw the Gargoyle Hexslinger began the quest for the Orb.
     0 | D:1      | Reached XP level 1. HP: 12/12 MP: 2/2
     0 | D:1      | 0 ||| qw: Version: 0.3-a-52-g30416fa
     0 | D:1      | 0 ||| qw: Game counter: 4562
     0 | D:1      | 0 ||| qw: Melee chars always use a shield: true
     0 | D:1      | 0 ||| qw: God list: Okawaru
     0 | D:1      | 0 ||| qw: Allow faded altars: false
     0 | D:1      | 0 ||| qw: Do Orc after clearing Dungeon:15 true
     0 | D:1      | 0 ||| qw: Do second Lair branch before Depths: true
     0 | D:1      | 0 ||| qw: Lair rune preference: random
     0 | D:1      | 0 ||| qw: Goals: Normal
     0 | D:1      | 0 ||| PLANNING D:1-11
    85 | D:1      | Reached XP level 2. HP: 10/16 MP: 3/3
   105 | D:1      | Reached skill level 3 in Ranged Weapons
   489 | D:1      | Reached XP level 3. HP: 21/21 MP: 4/4
   672 | D:1      | 672 ||| UPGRADING to +0 leather armour.
   682 | D:1      | 682 ||| DROPPING +0 robe.
   683 | D:1      | 683 ||| READING 2 scrolls labelled UFOMPI TOONLU.
   684 | D:1      | 684 ||| READING scroll labelled SUECALUINI.
   685 | D:1      | 685 ||| READING scroll labelled WUANAE ELOUFUISS.
   686 | D:1      | 686 ||| DROPPING scroll of poison.
   765 | D:2      | Found a faded altar of an unknown god.
  1067 | D:2      | Reached XP level 4. HP: 26/26 MP: 5/5
  1287 | D:2      | Reached skill level 4 in Ranged Weapons
  1617 | D:2      | 1617 ||| READING scroll labelled YRPHIYX BUUL.
  1620 | D:2      | 1620 ||| DRINKING 2 glowing ruby potions.
  1838 | D:3      | Found a shimmering altar of Xom.
  1966 | D:3      | Reached XP level 5. HP: 30/30 MP: 6/6
  2199 | D:3      | Found a shimmering blue altar of Sif Muna.
  2200 | D:3      | Noticed Ijyb
  2216 | D:3      | HP: 4/30 [Ijyb/+0 club (4)]
  2217 | D:3      | 2217 ||| READING scroll of teleportation.
  2219 | D:3      | Killed from afar by Ijyb

Levels and vault maps discovered:
D:1:      wander_arrival_peaceful_grave, layout_loops_cross
D:2:      layout_basic, ebering_ecumenical_altar_rust,
          minmay_large_rounded_square, nicolae_houndstooth_variations
D:3:      layout_loops_ring, mainiacjoe_overflow_six_doors_small,
          mainiacjoe_overflow_catwalk, mainiacjoe_overflow_surrounded_room,
          ebering_ghost_reflecting_pool, uniq_ijyb, uniq_robin

Skill      XL: |  1  2  3  4 |
---------------+-------------+-----
Ranged Weapons | 3 4 |  4.8
Fighting       | 2 |  2.0
Dodging        | |  1.5
Spellcasting   | |  1.0
Hexes          | |  2.6

Action                     |  1- 3 |  4- 6 || total
---------------------------+-------+-------++-------
   Fire: Sling             |   133 |   105 ||   238
    Use: Scroll            |     3 |     2 ||     5
         Potion            |       |     1 ||     1
 Armour: Robe              |    30 |       ||    30
         Leather armour    |     5 |    19 ||    24
  Dodge: Dodged            |    84 |    29 ||   113

Table legend:
 A = Non-vault XP
 B = Vault XP
 C = Vault XP percentage of total XP
 D = Non-vault monster count
 E = Vault monster count
 F = Vault count percentage of total count
                 A         B        C        D         E       F
            +---------+---------+-------+---------+---------+-------
      Total |     174 |       0 |   0.0 |      56 |       0 |   0.0
            +---------+---------+-------+---------+---------+-------
        D:1 |      40 |       0 |   0.0 |      23 |       0 |   0.0
        D:2 |      80 |       0 |   0.0 |      20 |       0 |   0.0
        D:3 |      54 |       0 |   0.0 |      13 |       0 |   0.0
            +---------+---------+-------+---------+---------+-------
